SAA
PROVIDENCE PILGRIMS @ ATLANTIC CITY SONICS
07/29/2042
 
TOP OF THE 1ST
Providence Pilgrims batting - Pitching for Atlantic City Sonics : RHP Felipe Arreola
Pitching: RHP Felipe Arreola
Batting: LHB David Davis 0-0: Swinging Strike
0-1: Ground out 6-3 (Groundball, 56, EV 103.1 MPH)
Batting: RHB Carlos González 0-0: Fly out, F7 (Line Drive, 7D, EV 88.8 MPH)
Batting: LHB César Valtez 0-0: Ball
1-0: Ball
2-0: Foul Ball, location: 2F
2-1: SINGLE (Groundball, 4MD, EV 101.9 MPH)
Batting: RHB Gabriel Méndez 0-0: Ball
1-0: Swinging Strike
1-1: Foul Ball, location: 2F
1-2: Ball
2-2: Strikes out swinging
Top of the 1st over - 0 runs, 1 hit, 0 errors, 1 left on base; Providence 0 - Atlantic City 0
BOTTOM OF THE 1ST
Atlantic City Sonics batting - Pitching for Providence Pilgrims : LHP Bill Aylwin
Pitching: LHP Bill Aylwin
Batting: RHB Jerry Scott 0-0: Ball
1-0: SINGLE (Line Drive, 7S, EV 96.9 MPH)
Batting: RHB Garm van Opdorp 0-0: Ball
1-0: Swinging Strike
1-1: Called Strike
1-2: Foul Ball, location: 2F
1-2: Ball
2-2: Strikes out swinging
Batting: RHB Román Ramírez 0-0: Called Strike
0-1: Ball
1-1: Ball
2-1: Foul Ball, location: 2F
2-2: SINGLE (Groundball, 56D, EV 96.2 MPH)
Jerry Scott to second
Jerry Scott to third
Batting: RHB Raffaello Dichio 0-0: Ball
1-0: Ball
Pickoff Throw by Catcher to First - Out!
2-0: Fly out, F9 (Flyball, 9, EV 86.2 MPH)
Bottom of the 1st over - 0 runs, 2 hits, 0 errors, 1 left on base; Providence 0 - Atlantic City 0
TOP OF THE 2ND
Providence Pilgrims batting - Pitching for Atlantic City Sonics : RHP Felipe Arreola
Batting: RHB Chris Hall 0-0: SOLO HOME RUN (Flyball, 9D, EV 100.0 MPH), Distance : 370 ft
Batting: RHB Allen Kelley 0-0: Fly out, F4 (Line Drive, 4, EV 64.4 MPH)
Batting: RHB Julián Vélez 0-0: Called Strike
0-1: Swinging Strike
0-2: Strikes out swinging
Batting: RHB Gilberto Ortíz 0-0: Ball
1-0: Foul Ball, location: 2F
1-1: Called Strike
1-2: Strikes out swinging
Top of the 2nd over - 1 run, 1 hit, 0 errors, 0 left on base; Providence 1 - Atlantic City 0
BOTTOM OF THE 2ND
Atlantic City Sonics batting - Pitching for Providence Pilgrims : LHP Bill Aylwin
Batting: RHB Luis Rodríguez 0-0: Ball
1-0: Ball
2-0: Ball
3-0: Called Strike
3-1: Ground out 4-3 (Groundball, 4MS, EV 83.1 MPH)
Batting: LHB Luis Ortíz 0-0: Swinging Strike
0-1: Called Strike
0-2: Foul Ball, location: 2F
0-2: Ball
1-2: Fly out, F8 (Flyball, 89D, EV 86.9 MPH)
Batting: RHB Denis Perrin 0-0: Called Strike
0-1: Ball
1-1: Ball
2-1: Foul Ball, location: 2F
2-2: SINGLE (Line Drive, 8RS, EV 105.6 MPH)
Batting: RHB Abhipala Srivastav 0-0: Ball
1-0: Ball
2-0: Foul Ball, location: 2F
2-1: Called Strike
2-2: Fielders Choice at 2nd, 6-4 (Groundball, 6, EV 108.1 MPH)
Bottom of the 2nd over - 0 runs, 1 hit, 0 errors, 1 left on base; Providence 1 - Atlantic City 0
TOP OF THE 3RD
Providence Pilgrims batting - Pitching for Atlantic City Sonics : RHP Felipe Arreola
Batting: RHB Jesse McCoy 0-0: Foul Ball, location: 2F
0-1: Ball
1-1: Called Strike
1-2: Ball
2-2: Foul Ball, location: 2F
2-2: Strikes out swinging
Batting: LHB David Davis 0-0: Called Strike
0-1: Foul Ball, location: 2F
0-2: Ball
1-2: Strikes out swinging
Batting: RHB Carlos González 0-0: Ball
1-0: Foul Ball, location: 2F
1-1: Ball
2-1: Foul Ball, location: 2F
2-2: Strikes out looking and he ARGUES THE CALL AND IS TOSSED!
Top of the 3rd over - 0 runs, 0 hits, 0 errors, 0 left on base; Providence 1 - Atlantic City 0
BOTTOM OF THE 3RD
Atlantic City Sonics batting - Pitching for Providence Pilgrims : LHP Bill Aylwin
Now at 1B: José Nisperos
Batting: LHB Jorge Quilez 0-0: Ball
1-0: SINGLE (Groundball, 3, EV 82.5 MPH) (infield hit)
Batting: RHB Jerry Scott 0-0: Ball
1-0: Called Strike
1-1: Ball
2-1: Foul Ball, location: 2F
2-2: Ground out 5-3 (Groundball, 56S, EV 65.0 MPH)
Jorge Quilez to second
Batting: RHB Garm van Opdorp 0-0: Foul Ball, location: 2F
0-1: Ball
1-1: Ball
2-1: Fly out, F8 (Flyball, 78M, EV 96.2 MPH)
Batting: RHB Román Ramírez 0-0: Ball
1-0: Fly out, F8 (Line Drive, 8RD, EV 105.6 MPH)
Bottom of the 3rd over - 0 runs, 1 hit, 0 errors, 1 left on base; Providence 1 - Atlantic City 0
TOP OF THE 4TH
Providence Pilgrims batting - Pitching for Atlantic City Sonics : RHP Felipe Arreola
Batting: LHB César Valtez 0-0: Called Strike
0-1: Fly out, F8 (Flyball, 89M, EV 88.1 MPH)
Batting: RHB Gabriel Méndez 0-0: Ball
1-0: Swinging Strike
1-1: Called Strike
1-2: Strikes out swinging
Batting: RHB Chris Hall 0-0: Ball
1-0: Ground out 5-3 (Groundball, 56, EV 107.5 MPH)
Top of the 4th over - 0 runs, 0 hits, 0 errors, 0 left on base; Providence 1 - Atlantic City 0
BOTTOM OF THE 4TH
Atlantic City Sonics batting - Pitching for Providence Pilgrims : LHP Bill Aylwin
Batting: RHB Raffaello Dichio 0-0: Swinging Strike
0-1: Fly out, F8 (Flyball, 89M, EV 93.1 MPH)
Batting: RHB Luis Rodríguez 0-0: Ground out 5-3 (Groundball, 56S, EV 77.5 MPH)
Batting: LHB Luis Ortíz 0-0: Called Strike
0-1: Called Strike
0-2: Strikes out looking
Bottom of the 4th over - 0 runs, 0 hits, 0 errors, 0 left on base; Providence 1 - Atlantic City 0
TOP OF THE 5TH
Providence Pilgrims batting - Pitching for Atlantic City Sonics : RHP Felipe Arreola
Batting: RHB Allen Kelley 0-0: Ball
1-0: Swinging Strike
1-1: Ground out U3 (Groundball, 3S, EV 79.4 MPH)
Batting: RHB Julián Vélez 0-0: Swinging Strike
0-1: Called Strike
0-2: Foul Ball, location: 2F
0-2: Ground out 5-3 (Groundball, 56, EV 76.2 MPH)
Batting: RHB Gilberto Ortíz 0-0: Ground out 6-3 (Groundball, 56, EV 100.0 MPH)
Top of the 5th over - 0 runs, 0 hits, 0 errors, 0 left on base; Providence 1 - Atlantic City 0
BOTTOM OF THE 5TH
Atlantic City Sonics batting - Pitching for Providence Pilgrims : LHP Bill Aylwin
Batting: RHB Denis Perrin 0-0: Ball
1-0: Swinging Strike
1-1: Fly out, F8 (Flyball, 8LM, EV 91.9 MPH)
Batting: RHB Abhipala Srivastav 0-0: Ball
1-0: Fly out, F5 (Flyball, 5D, EV 91.9 MPH)
Batting: LHB Jorge Quilez 0-0: Called Strike
0-1: SINGLE (Groundball, 34D, EV 95.6 MPH)
Batting: RHB Jerry Scott 0-0: Called Strike
0-1: Called Strike
0-2: Ball
1-2: Ball
2-2: Foul Ball, location: 2F
2-2: Ball
3-2: Foul Ball, location: 2F
3-2: Foul Ball, location: 2F
3-2: Strikes out swinging
Bottom of the 5th over - 0 runs, 1 hit, 0 errors, 1 left on base; Providence 1 - Atlantic City 0
TOP OF THE 6TH
Providence Pilgrims batting - Pitching for Atlantic City Sonics : RHP Felipe Arreola
Batting: RHB Jesse McCoy 0-0: Foul Ball, location: 2F
0-1: Ball
1-1: Ball
2-1: Ball
3-1: Foul Ball, location: 2F
3-2: Fly out, F4 (Popup, 4S, EV 76.9 MPH)
Batting: LHB David Davis 0-0: SINGLE (Groundball, 6M, EV 97.5 MPH) (infield hit)
Batting: RHB José Nisperos 0-0: Ball
David Davis is caught stealing 2nd base 2-4
1-0: Ball
2-0: SINGLE (Line Drive, 89S, EV 88.1 MPH)
Batting: LHB César Valtez 0-0: SINGLE (Groundball, 34D, EV 110.0 MPH)
José Nisperos to second
Runner from 2nd tries for 3rd, SAFE, no throw by RF
Batting: RHB Gabriel Méndez 0-0: Ball
1-0: Fielders Choice at 2nd, 6-4 (Groundball, 6, EV 76.2 MPH)
Top of the 6th over - 0 runs, 3 hits, 0 errors, 2 left on base; Providence 1 - Atlantic City 0
BOTTOM OF THE 6TH
Atlantic City Sonics batting - Pitching for Providence Pilgrims : LHP Bill Aylwin
Batting: RHB Garm van Opdorp 0-0: Fly out, F2 (Popup, 15S, EV 81.2 MPH)
Batting: RHB Román Ramírez 0-0: Fly out, F8 (Line Drive, 8RD, EV 93.8 MPH)
Batting: RHB Raffaello Dichio 0-0: Called Strike
0-1: Fly out, F7 (Line Drive, 7D, EV 90.0 MPH)
Bottom of the 6th over - 0 runs, 0 hits, 0 errors, 0 left on base; Providence 1 - Atlantic City 0
TOP OF THE 7TH
Providence Pilgrims batting - Pitching for Atlantic City Sonics : RHP Felipe Arreola
Batting: RHB Chris Hall 0-0: Ball
1-0: Ball
2-0: Called Strike
2-1: Called Strike
2-2: Fly out, F9 (Flyball, 9S, EV 78.8 MPH)
Batting: RHB Allen Kelley 0-0: Ball
1-0: Swinging Strike
1-1: Ball
2-1: Ball
3-1: Called Strike
3-2: Foul Ball, location: 2F
3-2: Foul Ball, location: 2F
3-2: Foul Ball, location: 2F
3-2: Strikes out looking
Batting: RHB Julián Vélez 0-0: Ball
1-0: Called Strike
1-1: Ball
2-1: SINGLE (Groundball, 56D, EV 113.8 MPH)
Batting: RHB Gilberto Ortíz 0-0: Foul Ball, location: 2F
0-1: Fly out, F7 (Line Drive, 7, EV 96.9 MPH)
Top of the 7th over - 0 runs, 1 hit, 0 errors, 1 left on base; Providence 1 - Atlantic City 0
BOTTOM OF THE 7TH
Atlantic City Sonics batting - Pitching for Providence Pilgrims : LHP Bill Aylwin
Batting: RHB Luis Rodríguez 0-0: Ball
1-0: Ground out 5-3 (Groundball, 5, EV 103.1 MPH)
Batting: LHB Luis Ortíz 0-0: Ball
1-0: Foul Ball, location: 2F
1-1: Ball
2-1: Ball
3-1: Foul Ball, location: 2F
3-2: Strikes out swinging
Batting: RHB Denis Perrin 0-0: Fly out, F7 (Flyball, 7, EV 79.4 MPH)
Bottom of the 7th over - 0 runs, 0 hits, 0 errors, 0 left on base; Providence 1 - Atlantic City 0
TOP OF THE 8TH
Providence Pilgrims batting - Pitching for Atlantic City Sonics : RHP Felipe Arreola
Batting: RHB Jesse McCoy 0-0: Ball
1-0: Foul Ball, location: 2F
1-1: Called Strike
1-2: Strikes out looking
Batting: LHB David Davis 0-0: Ball
1-0: Ball
2-0: Foul Ball, location: 2F
2-1: Ball
3-1: Base on Balls
Pitching: RHP Chris Plautz
Batting: RHB José Nisperos 0-0: Called Strike
David Davis steals 2nd base
0-1: Ball
1-1: Ball
2-1: Ball
3-1: Foul Ball, location: 2F
3-2: Strikes out looking
Batting: LHB César Valtez 0-0: Ball
1-0: Foul Ball, location: 2F
1-1: Ball
2-1: SINGLE (Groundball, 4MS, EV 69.4 MPH) (infield hit)
David Davis to third
Batting: RHB Gabriel Méndez 0-0: Ball
1-0: SINGLE (Groundball, 4MD, EV 103.1 MPH)
David Davis scores
César Valtez to second
Runner from 2nd tries for 3rd, SAFE, throw by CF made to third
Batting: RHB Chris Hall 0-0: Ball
1-0: Ball
2-0: Called Strike
2-1: Swinging Strike
2-2: Fielders Choice at 2nd, 5-4 (Groundball, 56, EV 105.0 MPH)
Top of the 8th over - 1 run, 2 hits, 0 errors, 2 left on base; Providence 2 - Atlantic City 0
BOTTOM OF THE 8TH
Atlantic City Sonics batting - Pitching for Providence Pilgrims : LHP Bill Aylwin
Batting: RHB Abhipala Srivastav 0-0: Ball
1-0: Ball
2-0: Ball
3-0: Called Strike
3-1: Foul Ball, location: 2F
3-2: Fly out, F7 (Flyball, 7, EV 94.4 MPH)
Batting: LHB Jorge Quilez 0-0: Called Strike
0-1: Called Strike
0-2: Ball
1-2: Strikes out swinging, 2-3 out at first.
Batting: RHB Jerry Scott 0-0: Called Strike
0-1: Foul Ball, location: 2F
0-2: Ball
1-2: Fly out, F8 (Flyball, 8LM, EV 90.0 MPH)
Bottom of the 8th over - 0 runs, 0 hits, 0 errors, 0 left on base; Providence 2 - Atlantic City 0
TOP OF THE 9TH
Providence Pilgrims batting - Pitching for Atlantic City Sonics : RHP Chris Plautz
Batting: RHB Allen Kelley 0-0: Ball
1-0: Called Strike
1-1: Swinging Strike
1-2: Ball
2-2: Ground out 2-3 (Groundball, 15S, EV 66.9 MPH)
Batting: RHB Julián Vélez 0-0: Ball
1-0: Ground out 5-3 (Groundball, 56, EV 101.9 MPH)
Batting: RHB Gilberto Ortíz 0-0: Fly out, F9 (Flyball, 9S, EV 85.6 MPH)
Top of the 9th over - 0 runs, 0 hits, 0 errors, 0 left on base; Providence 2 - Atlantic City 0
BOTTOM OF THE 9TH
Atlantic City Sonics batting - Pitching for Providence Pilgrims : LHP Bill Aylwin
Pitching: RHP Phat Tra
Now at 2B: Mario Ramírez
Batting: RHB Garm van Opdorp 0-0: Ground out 5-3 (Groundball, 56S, EV 88.8 MPH)
Batting: RHB Román Ramírez 0-0: Swinging Strike
0-1: Hit by Pitch
Batting: RHB Raffaello Dichio 0-0: Grounds into double play, 5-4-3 (Groundball, 5, EV 83.1 MPH)
Bottom of the 9th over - 0 runs, 0 hits, 0 errors, 0 left on base; Providence 2 - Atlantic City 0
Friday, March 26th, 2021 - OOTP Baseball 20.8 Build 74